[Event "ICC tourney 2030 (45 10)"]
[Site "Internet Chess Club"]
[Date "2020.10.04"]
[Round "4"]
[White "BunnyGambit"]
[Black "hi321"]
[Result "0-1"]
[ICCResult "White checkmated"]
[WhiteElo "1493"]
[BlackElo "1351"]
[Opening "Queen's pawn game, Chigorin variation"]
[ECO "D02"]
[NIC "QP.08"]
[Time "12:02:31"]
[TimeControl "2700+10"]

1. d4 d5 2. Nf3 Nc6 3. g3 Nf6 4. Bg2 Bf5 5. O-O e6 6. c4 Qd7 7. Nc3 h6 8.
Qa4 Be7 9. Ne5 Nxe5 10. dxe5 Qxa4 11. Nxa4 Nd7 12. cxd5 exd5 13. Bxd5 c6 14.
Bg2 Nxe5 15. Bf4 Nd7 16. Rac1 O-O 17. Rfd1 Rac8 18. Bd6 Bxd6 19. Rxd6 Be6
20. b3 Nb6 21. Nxb6 axb6 22. Be4 Ra8 23. Rc2 Rfe8 24. Rb2 Re7 25. Rbd2 Ree8
26. f4 Bg4 27. Bc2 Bxe2 28. Kf2 Bg4 29. Kf1 Kf8 30. a4 Ra5 31. Rd8 c5 32.
Rxe8+ Kxe8 33. Bd3 Ra8 34. Bb5+ Ke7 35. Rd5 Be6 36. Re5 Kd6 37. Re3 Rd8 38.
Rd3+ Kc7 39. Rxd8 Kxd8 40. Ke2 Bxb3 41. Kd3 Bd5 42. Kc3 Bc6 43. Kc4 Bxb5+
44. axb5 Ke7 45. Kd5 Kf6 46. g4 g5 47. f5 h5 48. h3 h4 49. Ke4 Ke7 50. Ke5
f6+ 51. Kd5 Kd7 52. Ke4 Kd6 53. Kd3 Kd5 54. Kc3 c4 55. Kc2 Kc5 56. Kc3 Kxb5
57. Kc2 Kc5 58. Kc3 b5 59. Kc2 b4 60. Kb2 c3+ 61. Kc2 Kc4 62. Kc1 b3 63. Kb1
c2+ 64. Kb2 b5 65. Kc1 Kd3 66. Kb2 Kd2 67. Kxb3 c1=Q 68. Kb4 Qc4+ 69. Ka5 b4
70. Ka4 b3+ 71. Ka5 b2 72. Kb6 b1=Q+ 73. Ka7 Qca2# {White checkmated} 0-1

[Event "ICC tourney 2030 (45 10)"]
[Site "Internet Chess Club"]
[Date "2020.10.04"]
[Round "4"]
[White "lwidjaja"]
[Black "DankMemer"]
[Result "1/2-1/2"]
[ICCResult "Game drawn by mutual agreement"]
[WhiteElo "1476"]
[BlackElo "1314"]
[Opening "French: advance, Milner-Barry gambit"]
[ECO "C02"]
[NIC "FR.03"]
[Time "12:02:11"]
[TimeControl "2700+10"]

1. e4 e6 2. d4 d5 3. e5 c5 4. c3 Nc6 5. Nf3 Qb6 6. Bd3 Nge7 7. O-O h6 8. Re1
Nf5 9. Bxf5 exf5 10. dxc5 Bxc5 11. Be3 Bxe3 12. Rxe3 Qxb2 13. Nbd2 O-O 14.
Nb3 Rd8 15. Nfd4 a5 16. Nb5 a4 17. Re2 Qxe2 18. Qxe2 axb3 19. a4 d4 20. cxd4
Nxd4 21. Qd3 Nc6 22. Qxb3 Nxe5 23. f4 Nc6 24. Rd1 Be6 25. Rxd8+ Rxd8 26. Qb2
Ne7 27. Nc7 Bc8 28. Nb5 Nc6 {Game drawn by mutual agreement} 1/2-1/2

[Event "ICC tourney 2030 (45 10)"]
[Site "Internet Chess Club"]
[Date "2020.10.04"]
[Round "4"]
[White "Drshenmeiwu07"]
[Black "Kevinturtle"]
[Result "0-1"]
[ICCResult "White checkmated"]
[WhiteElo "1376"]
[BlackElo "1463"]
[Opening "Sicilian"]
[ECO "B55"]
[NIC "SI.01"]
[Time "12:02:16"]
[TimeControl "2700+10"]

1. e4 c5 2. Nf3 d6 3. d4 cxd4 4. Nxd4 Nf6 5. Bd3 g6 6. c4 Bg7 7. O-O O-O 8.
Nc3 Nc6 9. Nf3 Be6 10. b3 Rc8 11. Bb2 Qd7 12. Re1 Bg4 13. Be2 Nxe4 14. Nxe4
Bxb2 15. Rb1 Bg7 16. c5 d5 17. Ned2 Bxf3 18. Nxf3 e6 19. Qd2 Ne7 20. b4 Nf5
21. Rec1 Bh6 22. Ne5 Qc7 23. f4 Qxe5 24. fxe5 Bxd2 25. Rc2 Be3+ 26. Kh1 d4
27. Bd3 Ne7 28. b5 Nd5 29. c6 bxc6 30. Rxc6 Rxc6 31. bxc6 Rc8 32. Bb5 Nc3
33. Rb3 Nxb5 34. Rxb5 Rxc6 35. Rb8+ Kg7 36. Rb7 Rc1# {White checkmated} 0-1

[Event "ICC tourney 2030 (45 10)"]
[Site "Internet Chess Club"]
[Date "2020.10.04"]
[Round "4"]
[White "Lonelone"]
[Black "tidalwave09"]
[Result "0-1"]
[ICCResult "White resigns"]
[WhiteElo "1307"]
[BlackElo "1409"]
[Opening "Sicilian defense"]
[ECO "B33"]
[NIC "SI.32"]
[Time "12:02:19"]
[TimeControl "2700+10"]

1. e4 c5 2. Nf3 Nc6 3. d4 cxd4 4. Nxd4 Nf6 5. f3 e5 6. Nf5 d5 7. Bd3 Bxf5 8.
exf5 Bc5 9. Nc3 Nd4 10. Nb5 O-O 11. Nxd4 Bxd4 12. c3 Bb6 13. Qe2 Re8 14. Bb5
Re7 15. Bg5 Qd6 16. O-O-O a6 17. Bd3 d4 18. Be4 Rc7 19. Kb1 Nxe4 20. fxe4 f6
21. Bh4 a5 22. Bg3 a4 23. Qd2 Rc6 24. Qc2 a3 25. b3 Qc7 26. c4 Ba5 27. Be1
b5 28. Bxa5 Rxa5 29. Rc1 bxc4 30. bxc4 Rb6+ 31. Ka1 Qc5 32. Rb1 Rab5 33. Qa4
Rb4 34. Rxb4 Rxb4 35. Qe8+ Qf8 36. Qe6+ Kh8 37. Rb1 Rxb1+ 38. Kxb1 Qb8+ 39.
Kc1 Qb2+ 40. Kd1 Qb1+ 41. Ke2 Qxa2+ 42. Kf3 Qb3+ 43. Kg4 Qd1+ 44. Kh3 Qh5+
45. Kg3 h6 46. Qc8+ Kh7 47. Qa6 Qg5+ 48. Kf2 Qe3+ 49. Kf1 d3 50. Qa5 d2
{White resigns}
0-1

[Event "ICC tourney 2030 (45 10)"]
[Site "Internet Chess Club"]
[Date "2020.10.04"]
[Round "4"]
[White "VarinN"]
[Black "erikajiahuichen"]
[Result "1-0"]
[ICCResult "Black checkmated"]
[WhiteElo "1478"]
[BlackElo "1346"]
[Opening "Sicilian: closed"]
[ECO "B23"]
[NIC "SI.44"]
[Time "12:03:12"]
[TimeControl "2700+10"]

1. e4 c5 2. Nc3 a6 3. g3 b5 4. Bg2 Bb7 5. d3 e6 6. f4 Nf6 7. Nf3 d5 8. exd5
Nxd5 9. O-O Nxc3 10. bxc3 Be7 11. Bb2 Bf6 12. d4 cxd4 13. cxd4 O-O 14. c3
Nc6 15. Ne5 Rc8 16. Rb1 Ba8 17. a3 Nxe5 18. fxe5 Bxg2 19. Kxg2 Bg5 20. Qf3
Qc7 21. Bc1 Be7 22. Bb2 Bg5 23. Qd3 Qc6+ 24. Qf3 Bd2 25. Rf2 Qxf3+ 26. Rxf3
Rc7 27. Rd1 Bg5 28. h4 Be7 29. Ra1 f6 30. Re1 Re8 31. Rfe3 Kf7 32. Kh3 f5
33. Rf3 h5 34. d5 g6 35. d6 Rd7 36. dxe7 Rexe7 37. Rf2 Re8 38. Ree2 Red8 39.
Bc1 Rd1 40. Bg5 R8d3 41. Rd2 R1xd2 42. Bxd2 Kg7 43. Kg2 Rd5 44. Bf4 Rc5 45.
Rc2 a5 46. Rc1 Kf7 47. Kf2 Ke7 48. Ke3 Kd7 49. c4 Kc6 50. cxb5+ Kxb5 51.
Rxc5+ Kxc5 52. Kd3 Kb5 53. Kc3 Kc5 54. Kb3 Kb5 55. a4+ Kb6 56. Kc4 Kc6 57.
Be3 Kb7 58. Kb5 Kc7 59. Kxa5 Kb8 60. Bf4 Ka7 61. Kb5 Kb7 62. Kc5 Kc7 63. a5
Kb7 64. Kd6 Ka6 65. Kxe6 Kxa5 66. Kf6 Kb5 67. e6 Kc6 68. e7 Kd7 69. Kf7 g5
70. hxg5 h4 71. gxh4 Kc8 72. e8=Q+ Kb7 73. Qb8+ Kc6 74. Qc8+ Kb6 75. Bc1 Kb5
76. Qc3 Ka4 77. Qb2 Ka5 78. Qb3 Ka6 79. Qb4 Ka7 80. Qb5 Ka8 81. Ke7 Ka7 82.
Kd7 Ka8 83. Kc7 Ka7 84. Qa5# {Black checkmated} 1-0

[Event "ICC tourney 2030 (45 10)"]
[Site "Internet Chess Club"]
[Date "2020.10.04"]
[Round "4"]
[White "pari538"]
[Black "chessvedant19"]
[Result "0-1"]
[ICCResult "White checkmated"]
[WhiteElo "1610"]
[BlackElo "1476"]
[Opening "French: exchange variation"]
[ECO "C01"]
[NIC "FR.01"]
[Time "12:02:13"]
[TimeControl "2700+10"]

1. e4 e6 2. d4 d5 3. exd5 exd5 4. c4 c6 5. Nc3 Bb4 6. Nf3 Nf6 7. Bg5 Bf5 8.
cxd5 cxd5 9. Bb5+ Nc6 10. Ne5 Bd7 11. Nxd7 Qxd7 12. Bxf6 Bxc3+ 13. bxc3 gxf6
14. O-O O-O-O 15. a4 a6 16. Be2 Rhg8 17. Kh1 Rg6 18. Bd3 Rh6 19. Qf3 Qd6 20.
Bf5+ Kc7 21. Qg3 Qxg3 22. fxg3 Rg8 23. Kg1 Rh5 24. Bc2 Rh6 25. Rf5 Rd8 26.
Raf1 Rd6 27. g4 Ne7 28. R5f4 Kb8 29. g5 fxg5 30. Rxf7 Ng6 31. Bxg6 Rdxg6 32.
Rd7 Rd6 33. Rff7 Rxd7 34. Rxd7 Rc6 35. Rxd5 h6 36. h4 gxh4 37. Rh5 Rxc3 38.
Rxh4 Rc4 39. a5 Ra4 40. Rxh6 Rxa5 41. Rh4 Rd5 42. Re4 a5 43. g4 a4 44. Kh2
a3 45. Kh3 a2 46. Re1 Rxd4 47. Ra1 Ra4 48. Kh4 Kc7 49. Kh5 Kd7 50. g5 Ke7
51. Kh6 Kf7 52. g6+ Kg8 53. Rc1 Ra8 54. Ra1 b5 55. Kg5 b4 56. Kh6 b3 57. Kg5
b2 58. Rxa2 Rxa2 59. Kh6 b1=Q 60. Kg5 Rg2+ 61. Kf6 Qf1+ 62. Ke5 Re2+ 63. Kd6
Qd1+ 64. Kc5 Rc2+ 65. Kb6 Qb1+ 66. Ka5 Ra2# {White checkmated} 0-1

[Event "ICC tourney 2030 (45 10)"]
[Site "Internet Chess Club"]
[Date "2020.10.04"]
[Round "4"]
[White "jalenwang"]
[Black "GiganticCell"]
[Result "1-0"]
[ICCResult "Black resigns"]
[WhiteElo "1588"]
[BlackElo "1319"]
[Opening "English opening"]
[ECO "A20"]
[NIC "EO.24"]
[Time "12:02:16"]
[TimeControl "2700+10"]

1. c4 e5 2. g3 Nf6 3. Bg2 d5 4. cxd5 Nxd5 5. Nc3 Nxc3 6. bxc3 Bc5 7. e3 Bb6
8. Ne2 c5 9. Bb2 Nc6 10. O-O O-O 11. Qc2 Be6 12. Rfd1 Bc4 13. d4 cxd4 14.
cxd4 Bxe2 15. Qxe2 exd4 16. Bxc6 bxc6 17. Bxd4 Bxd4 18. Rxd4 Qb6 19. Rc1
Rfd8 20. Rdc4 Rac8 21. Qc2 Rd6 22. Rb1 Qc7 23. Rcb4 Qd8 24. Qa4 Rd7 25. Rb7
Rxb7 26. Rxb7 c5 27. Rxa7 c4 28. Qc2 c3 29. Ra3 Qd2 30. Qf5 Rf8 31. Qc5 c2
32. Rc3 c1=N 33. Rxc1 Qxa2 34. Kg2 Qa8+ 35. Qc6 Qd8 36. Rc4 g6 37. Rd4 Qe7
38. h4 Kg7 39. Qc3 Kg8 40. Rf4 f6 41. Qc4+ Kg7 42. Re4 Qb7 43. Qb4 Qc6 44.
Kh2 Qc2 45. Re7+ Kg8 46. Kg2 Qc6+ 47. Qe4 Qc5 48. Qe6+ Kh8 49. Rf7 Qe5 50.
Qxe5 fxe5 51. Rxf8+ Kg7 52. Re8 Kf6 53. f4 exf4 54. exf4 h5 55. Kf3 Kf7 56.
Re5 Kf6 57. g4 hxg4+ 58. Kxg4 Kg7 59. Rg5 Kf6 60. h5 gxh5+ 61. Rxh5
{Black resigns}
1-0

[Event "ICC tourney 2030 (45 10)"]
[Site "Internet Chess Club"]
[Date "2020.10.04"]
[Round "4"]
[White "MariusC"]
[Black "Davide25"]
[Result "1-0"]
[ICCResult "Black resigns"]
[WhiteElo "1400"]
[BlackElo "949"]
[Opening "Sicilian: Scheveningen (Paulsen), classical variation"]
[ECO "B84"]
[NIC "SI.23"]
[Time "12:02:16"]
[TimeControl "2700+10"]

1. e4 c5 2. Nf3 d6 3. d4 cxd4 4. Nxd4 Nf6 5. Nc3 a6 6. Be2 e6 7. O-O Be7 8.
Bg5 O-O 9. Qd2 Nc6 10. Rad1 Qc7 11. Bxf6 gxf6 12. Nxc6 bxc6 13. Qh6 Kh8 14.
Rd3 Rg8 15. Rg3 Bd7 16. Rd1 Rxg3 17. hxg3 d5 18. Bh5 Rf8 19. Rd3 dxe4 20.
Nxe4 Qe5 21. Rxd7 Qxe4 22. Rxe7 Qe1+ 23. Kh2 Qg1+ 24. Kxg1 {Black resigns}
1-0

[Event "ICC tourney 2030 (45 10)"]
[Site "Internet Chess Club"]
[Date "2020.10.04"]
[Round "4"]
[White "falcon2020"]
[Black "blueocean07"]
[Result "1-0"]
[ICCResult "Black forfeits on time"]
[WhiteElo "1181"]
[BlackElo "1128"]
[Opening "Queen's pawn, Mason variation"]
[ECO "D00"]
[NIC "QP.08"]
[Time "12:02:19"]
[TimeControl "2700+10"]

1. d4 d5 2. Bf4 Nf6 3. e3 c6 4. c3 Bf5 5. Bd3 Bxd3 6. Qxd3 e6 7. Nd2 Nbd7 8.
Ngf3 Be7 9. O-O O-O 10. e4 dxe4 11. Nxe4 Nxe4 12. Qxe4 Nf6 13. Qc2 Nd5 14.
Bg3 Qb6 15. Ne5 Rad8 16. Rfe1 Bg5 17. Nf3 Bh6 18. Bh4 Rd7 19. Ng5 Bxg5 20.
Bxg5 h6 21. Bh4 Ne7 22. f4 Ng6 23. Bg3 c5 24. f5 exf5 25. Qxf5 Rfd8 26. Qxc5
Qxb2 27. Reb1 Qd2 28. Qb4 Rc8 29. Be1 Qe3+ 30. Kh1 Nf4 31. Qb2 Ne2 32. Bd2
Qf2 33. Rf1 Qh4 34. Rf3 Re7 35. Re1 Rce8 36. Qb1 g5 37. Rh3 Qf2 38. Rf1 Ng3+
39. hxg3 Qxd2 40. Rxh6 f5 41. Qxf5 {Black forfeits on time} 1-0

[Event "ICC tourney 2030 (45 10)"]
[Site "Internet Chess Club"]
[Date "2020.10.04"]
[Round "5"]
[White "Pranavthepro"]
[Black "mewto12345"]
[Result "0-1"]
[ICCResult "White checkmated"]
[WhiteElo "1156"]
[BlackElo "1209"]
[Opening "Giuoco Pianissimo"]
[ECO "C50"]
[NIC "IG.02"]
[Time "14:31:43"]
[TimeControl "2700+10"]

1. e4 e5 2. Nf3 Nc6 3. Bc4 Bc5 4. d3 Nf6 5. c3 O-O 6. a4 a6 7. b4 Ba7 8. O-O
Ne7 9. Nxe5 d6 10. Nf3 Be6 11. Bxe6 fxe6 12. Be3 Bxe3 13. fxe3 e5 14. Nbd2
Ng6 15. Qb3+ Kh8 16. Ng5 Qe7 17. Ndf3 h6 18. Ne6 Rfe8 19. d4 Qxe6 20. Qxe6
Rxe6 21. d5 Ree8 22. Nd2 Rf8 23. c4 Ng4 24. Rxf8+ Rxf8 25. Nf1 Ne7 26. h3
Nf6 27. b5 Rb8 28. Ng3 h5 29. h4 Ng6 30. Rb1 axb5 31. Rxb5 Nxh4 32. a5 Nd7
33. a6 bxa6 34. Ra5 Rb6 35. Nf5 Nxf5 36. exf5 Nc5 37. Kf2 Kg8 38. Kg3 Kf7
39. Kh4 Kf6 40. g4 hxg4 41. Kxg4 Rb4 42. Kh5 Kxf5 43. Ra1 g6+ 44. Kh4 Rxc4+
45. Kg3 Kf6 46. Rf1+ Kg7 47. Ra1 Rc3 48. Kf2 Rd3 49. Ra2 Rxd5 50. Re2 a5 51.
Kf3 a4 52. Ra2 Rd3 53. Rf2 a3 54. Ra2 Kf6 55. Rf2 g5 56. Ke2+ Kg6 57. Ke1
Rxe3+ 58. Kd2 Ne4+ 59. Kxe3 Nxf2 60. Kxf2 a2 61. Kg1 a1=Q+ 62. Kh2 Qc3 63.
Kh1 Qd2 64. Kg1 c5 65. Kh1 c4 66. Kg1 c3 67. Kf1 c2 68. Kg1 c1=Q#
{White checkmated}
0-1

[Event "ICC tourney 2030 (45 10)"]
[Site "Internet Chess Club"]
[Date "2020.10.04"]
[Round "5"]
[White "hi321"]
[Black "NNatha"]
[Result "1-0"]
[ICCResult "Black checkmated"]
[WhiteElo "1363"]
[BlackElo "1304"]
[Opening "Pirc: classical (two knights) system"]
[ECO "B08"]
[NIC "PU.10"]
[Time "14:32:41"]
[TimeControl "2700+10"]

1. e4 d6 2. d4 Nf6 3. Nc3 g6 4. Nf3 Bg7 5. Be3 O-O 6. Qd2 Nbd7 7. O-O-O c6
8. h3 b5 9. Bh6 b4 10. Nb1 Nxe4 11. Qe3 Nef6 12. Bxg7 Kxg7 13. g4 a5 14. Bd3
a4 15. Rdg1 b3 16. a3 bxc2 17. Bxc2 Nd5 18. Qd2 Rh8 19. h4 h5 20. gxh5 Rxh5
21. Ng5 N7f6 22. Qe2 Ba6 23. Qf3 Bc8 24. Nxf7 Qb6 25. Bxg6 Bg4 26. Bxh5 Nxh5
27. Qxg4+ Kxf7 28. Qxh5+ Ke6 29. Qg4+ Kf6 30. Qg6# {Black checkmated} 1-0

[Event "ICC tourney 2030 (45 10)"]
[Site "Internet Chess Club"]
[Date "2020.10.04"]
[Round "5"]
[White "pari538"]
[Black "niftyfountain"]
[Result "1-0"]
[ICCResult "Black checkmated"]
[WhiteElo "1611"]
[BlackElo "1161"]
[Opening "Sicilian"]
[ECO "B56"]
[NIC "SI.25"]
[Time "14:31:48"]
[TimeControl "2700+10"]

1. e4 c5 2. Nf3 d6 3. d4 cxd4 4. Nxd4 Nf6 5. Nc3 Nc6 6. Be3 Bd7 7. Qd2 g6 8.
f3 Bg7 9. g4 O-O 10. O-O-O Nxd4 11. Bxd4 Bc6 12. h4 Nd7 13. Bxg7 Kxg7 14. h5
Rh8 15. hxg6 hxg6 16. Qd4+ f6 17. Bg2 Qb6 18. Qxb6 Nxb6 19. Nd5 Nxd5 20.
exd5 Bd7 21. Rxh8 Rxh8 22. Rh1 Rxh1+ 23. Bxh1 Kh6 24. Kd2 Kg5 25. Ke3 Bb5
26. b3 Bd7 27. Bg2 a6 28. Bf1 Kh6 29. Bd3 Be8 30. Kf4 g5+ 31. Ke3 Bg6 32.
Bxg6 Kxg6 33. Ke4 Kf7 34. Kf5 Ke8 35. Ke6 Kd8 36. b4 b5 37. Kf5 Kd7 38. c3
Kd8 39. Ke4 Kd7 40. Kd4 Kc7 41. c4 bxc4 42. Kxc4 Kb6 43. a4 Kc7 44. a5 Kb7
45. b5 Ka7 46. b6+ Kb7 47. Kd4 Kc8 48. Ke4 Kd7 49. f4 gxf4 50. Kxf4 Kc8 51.
Kf5 Kd7 52. b7 Kc7 53. Ke6 Kxb7 54. Kxe7 Kc7 55. Kxf6 Kd7 56. Kf7 Kc7 57. g5
Kd7 58. g6 Kd8 59. g7 Kd7 60. g8=Q Kc7 61. Qg1 Kb7 62. Qb6+ Kc8 63. Qa7 Kd8
64. Ke6 Kc8 65. Kxd6 Kd8 66. Qb8# {Black checkmated} 1-0

[Event "ICC tourney 2030 (45 10)"]
[Site "Internet Chess Club"]
[Date "2020.10.04"]
[Round "5"]
[White "VarinN"]
[Black "MariusC"]
[Result "1/2-1/2"]
[ICCResult "Game drawn by mutual agreement"]
[WhiteElo "1467"]
[BlackElo "1403"]
[Opening "Sicilian: closed"]
[ECO "B23"]
[NIC "SI.44"]
[Time "14:31:38"]
[TimeControl "2700+10"]

1. e4 c5 2. Nc3 e6 3. g3 d6 4. Bg2 Nf6 5. d3 Be7 6. f4 d5 7. e5 Nfd7 8. Nf3
b6 9. O-O Bb7 10. h3 h5 11. Re1 Nc6 12. Nb5 a6 13. Nd6+ Bxd6 14. exd6 Nf6
15. f5 Qxd6 16. fxe6 fxe6 17. Bf4 Qd7 18. Ng5 O-O-O 19. Nxe6 Rde8 20. Ng5
Nd4 21. Qd2 {Game drawn by mutual agreement} 1/2-1/2

[Event "ICC tourney 2030 (45 10)"]
[Site "Internet Chess Club"]
[Date "2020.10.04"]
[Round "5"]
[White "tidalwave09"]
[Black "GiganticCell"]
[Result "1-0"]
[ICCResult "Black checkmated"]
[WhiteElo "1443"]
[BlackElo "1309"]
[Opening "QGD: Charousek (Petrosian) variation"]
[ECO "D31"]
[NIC "QP.08"]
[Time "14:31:45"]
[TimeControl "2700+10"]

1. d4 d5 2. c4 e6 3. Nc3 Be7 4. cxd5 exd5 5. Nf3 Nf6 6. Bg5 h6 7. Bh4 O-O 8.
e3 b6 9. Bd3 c5 10. O-O Nc6 11. Rc1 Bg4 12. Bb5 Qd6 13. Bxc6 Qxc6 14. Ne5
Qc8 15. Nxg4 Nxg4 16. Bxe7 Nxh2 17. Bxf8 Nxf1 18. Bd6 Qd7 19. Bf4 g5 20. Be5
Nxe3 21. fxe3 Qe6 22. Qf3 Rd8 23. Rf1 Rd7 24. Nb5 a6 25. Nc7 Qe7 26. Nxd5
Qe6 27. Nf6+ Kf8 28. Nxd7+ Qxd7 29. Qf6 Ke8 30. Qh8+ Ke7 31. Qg8 c4 32.
Rxf7+ Ke6 33. Qg6+ Kd5 34. Rxd7# {Black checkmated} 1-0

[Event "ICC tourney 2030 (45 10)"]
[Site "Internet Chess Club"]
[Date "2020.10.04"]
[Round "5"]
[White "LesserSkilled"]
[Black "BunnyGambit"]
[Result "1-0"]
[ICCResult "Black resigns"]
[WhiteElo "1455"]
[BlackElo "1489"]
[Opening "Sicilian: accelerated fianchetto, modern variation with Bc4"]
[ECO "B35"]
[NIC "SI.43"]
[Time "14:32:42"]
[TimeControl "2700+10"]

1. e4 c5 2. Nf3 g6 3. d4 cxd4 4. Nxd4 Bg7 5. Be3 Nc6 6. Nc3 Nf6 7. Bc4 Qa5
8. O-O O-O 9. f3 Qb4 10. Bb3 Nxe4 11. Nxc6 dxc6 12. Nxe4 Bf5 13. Ng3 Rad8
14. Qe1 Qd6 15. Nxf5 gxf5 16. Rd1 Qc7 17. Rxd8 Rxd8 18. Bg5 Qb6+ 19. Kh1 Qc7
20. Qxe7 Qxe7 21. Bxe7 Re8 22. Bb4 Bd4 23. Re1 Rd8 24. Rd1 c5 25. Bc3 Re8
26. Bxd4 cxd4 27. Bc4 Kg7 28. Kg1 Rd8 29. Bd3 Kf6 30. f4 Kg6 31. g4 Rd5 32.
Bxf5+ Kf6 33. c3 Rd6 34. Rxd4 Rb6 35. Rb4 h6 36. Rxb6+ axb6 37. Bc8
{Black resigns}
1-0

[Event "ICC tourney 2030 (45 10)"]
[Site "Internet Chess Club"]
[Date "2020.10.04"]
[Round "5"]
[White "yihengy"]
[Black "Drshenmeiwu07"]
[Result "1-0"]
[ICCResult "Black resigns"]
[WhiteElo "1303"]
[BlackElo "1313"]
[Opening "QGD: 6.Nf3"]
[ECO "D55"]
[NIC "QP.08"]
[Time "14:32:13"]
[TimeControl "2700+10"]

1. d4 d5 2. c4 e6 3. Nc3 Be7 4. Nf3 Nf6 5. Bg5 O-O 6. e3 c5 7. dxc5 Bxc5 8.
cxd5 h6 9. Bh4 g5 10. Nxg5 hxg5 11. Bxg5 Be7 12. Bxf6 Bxf6 13. Qg4+ Bg7 14.
Bd3 Nd7 15. dxe6 Nf6 16. exf7+ Kxf7 17. Qg6+ Kg8 18. h4 Bd7 19. h5 Be8 20.
Qf5 Bh6 21. Rh3 Rf7 22. Qg6+ Rg7 23. Bc4+ Kh8 24. Qxh6+ Rh7 25. Qf8+
{Black resigns}
1-0

[Event "ICC tourney 2030 (45 10)"]
[Site "Internet Chess Club"]
[Date "2020.10.04"]
[Round "5"]
[White "erikajiahuichen"]
[Black "Lonelone"]
[Result "1-0"]
[ICCResult "Black resigns"]
[WhiteElo "1376"]
[BlackElo "1269"]
[Opening "Queen's pawn, Mason variation"]
[ECO "D00"]
[NIC "QO.04"]
[Time "14:31:46"]
[TimeControl "2700+10"]

1. d4 d5 2. Bf4 Nf6 3. e3 e6 4. c4 Be7 5. Nc3 O-O 6. Nf3 Nbd7 7. Bd3 c5 8.
dxc5 Nxc5 9. Be2 Bd6 10. Bg3 Bxg3 11. hxg3 Re8 12. cxd5 exd5 13. Qc2 g6 14.
Rd1 Bf5 15. Qc1 Qa5 16. O-O Rad8 17. Rd4 Ne6 18. Rh4 Rc8 19. Qd2 Qc5 20. Rc1
Qd6 21. Rd1 Red8 22. e4 Bg4 23. e5 {Black resigns} 1-0

[Event "ICC tourney 2030 (45 10)"]
[Site "Internet Chess Club"]
[Date "2020.10.04"]
[Round "5"]
[White "blueocean07"]
[Black "TristanCR"]
[Result "0-1"]
[ICCResult "White resigns"]
[WhiteElo "1084"]
[BlackElo "1206"]
[Opening "QGD Slav defense: exchange variation"]
[ECO "D10"]
[NIC "SL.01"]
[Time "14:32:09"]
[TimeControl "2700+10"]

1. d4 d5 2. c4 c6 3. cxd5 cxd5 4. Nc3 Bf5 5. Bf4 Nf6 6. e3 e6 7. Nf3 Bd6 8.
Bb5+ Nc6 9. Ne5 Bxe5 10. Bxe5 O-O 11. O-O a6 12. Bxc6 bxc6 13. Na4 Nd7 14.
Bg3 Re8 15. Rc1 Rc8 16. Qe2 Qa5 17. b3 e5 18. Rfd1 f6 19. Nc5 exd4 20. Nxd7
Bxd7 21. Rxd4 Qb6 22. Bd6 Qxd4 23. Qxa6 Rxe3 24. Bc5 Qxc5 25. Rxc5 Re1+ 26.
Qf1 Rxf1+ 27. Kxf1 Ra8 28. Rc2 Kf7 29. Ke2 Re8+ 30. Kd3 Bf5+ 31. Kc3 Bxc2
32. Kxc2 Re2+ 33. Kb1 Rxf2 34. a4 Ke7 35. b4 Kd7 36. a5 Kc7 37. Kc1 Rxg2 38.
Kb1 Rxh2 {White resigns} 0-1

[Event "ICC tourney 2030 (45 10)"]
[Site "Internet Chess Club"]
[Date "2020.10.04"]
[Round "5"]
[White "chessvedant19"]
[Black "falcon2020"]
[Result "1-0"]
[ICCResult "Black resigns"]
[WhiteElo "1478"]
[BlackElo "1177"]
[Opening "QGD: Semi-Tarrasch, Primitive Pillsbury variation"]
[ECO "D40"]
[NIC "TD.05"]
[Time "14:31:37"]
[TimeControl "2700+10"]

1. d4 Nf6 2. c4 e6 3. Nc3 d5 4. Nf3 c5 5. Bg5 cxd4 6. Qxd4 Nc6 7. Qh4 dxc4
8. Bxf6 Qxf6 9. Qxf6 gxf6 10. e3 b6 11. Bxc4 Bb7 12. Ne4 Be7 13. Bb5 a6 14.
Bxc6+ Bxc6 15. Ned2 O-O-O 16. Rc1 Kb7 17. Ke2 Bb5+ 18. Nc4 Rc8 19. b3 Ba3
20. Rc2 e5 21. Nh4 Rc6 22. Rd1 Rc7 23. Nf5 Rhc8 24. Nd6+ Bxd6 25. Rxd6 Bxc4+
26. Rxc4 Rxc4 27. bxc4 Rxc4 28. Rxf6 Rc7 29. g4 a5 30. Rf5 Re7 31. g5 b5 32.
Kd3 Kc6 33. Rf6+ Kc5 34. Rh6 e4+ 35. Kc3 b4+ 36. Kc2 Rc7 37. Rxh7 Kd6+ 38.
Kb2 Rc5 39. h4 Rf5 40. Rh6+ Ke7 41. Rf6 Rxf6 42. gxf6+ Kxf6 43. Kb3 Kf5 44.
Ka4 Kg4 45. Kxa5 Kxh4 46. Kxb4 Kg4 47. Kc4 Kf3 48. Kd4 f5 49. Ke5 Kxf2 50.
Kf4 Ke2 51. a4 Kd3 52. a5 Kc4 53. a6 Kb5 54. a7 Kc4 55. a8=Q Kc3 56. Kxf5
Kd3 57. Qxe4+ Kc3 58. Qd4+ Kb3 59. e4 Ka3 60. e5 Kb3 61. e6 Kc2 62. e7 Kb3
63. e8=Q Kc2 64. Qc8+ Kb3 65. Qb6+ {Black resigns} 1-0

[Event "ICC tourney 2030 (45 10)"]
[Site "Internet Chess Club"]
[Date "2020.10.04"]
[Round "5"]
[White "DankMemer"]
[Black "jalenwang"]
[Result "0-1"]
[ICCResult "White checkmated"]
[WhiteElo "1312"]
[BlackElo "1602"]
[Opening "Queen's pawn: London system"]
[ECO "A45"]
[NIC "QP.07"]
[Time "14:31:35"]
[TimeControl "2700+10"]

1. d4 Nf6 2. Bf4 d6 3. Nf3 g6 4. e3 Bg7 5. Nbd2 O-O 6. h3 Nc6 7. c3 Bd7 8.
Be2 Re8 9. O-O e5 10. dxe5 dxe5 11. Bh2 Bf5 12. Bc4 Qe7 13. Ng5 Rf8 14. e4
Bd7 15. Ngf3 Rad8 16. Qc2 Be6 17. Nxe5 Nxe5 18. Bxe5 Rxd2 19. Qxd2 Bxc4 20.
Bxf6 Bxf6 21. Rfe1 Rd8 22. Qc2 b5 23. b3 Bd3 24. Qb2 b4 25. e5 Bxe5 26. f4
Qc5+ 27. Kh1 Bxc3 28. Rac1 Qd4 29. Rxc3 bxc3 30. Qc1 c2 31. a3 Bf5 32. g4
Be4+ 33. Rxe4 Qxe4+ 34. Kh2 Rd1 35. Qxc2 Qxc2+ 36. Kg3 Rd3+ 37. Kh4 Qf2+ 38.
Kg5 Kg7 39. h4 f6# {White checkmated} 0-1

[Event "ICC tourney 2030 (45 10)"]
[Site "Internet Chess Club"]
[Date "2020.10.04"]
[Round "5"]
[White "Kevinturtle"]
[Black "lwidjaja"]
[Result "1-0"]
[ICCResult "Black checkmated"]
[WhiteElo "1497"]
[BlackElo "1434"]
[Opening "Scotch game"]
[ECO "C45"]
[NIC "SO.05"]
[Time "14:31:39"]
[TimeControl "2700+10"]

1. e4 e5 2. Nf3 Nc6 3. d4 exd4 4. Nxd4 Bc5 5. Be3 Bxd4 6. Bxd4 Nf6 7. Nc3
O-O 8. Bc4 Re8 9. Bxf6 Qxf6 10. O-O d6 11. Qd3 Ne5 12. Qe2 Qg6 13. Nd5 c6
14. Nf4 Qh6 15. g3 g5 16. Qh5 Qxh5 17. Nxh5 Nxc4 18. Nf6+ Kf8 19. Nxe8 Kxe8
20. b3 Nd2 21. Rfd1 Nf3+ 22. Kg2 Ne5 23. Rxd6 Be6 24. Rad1 Bg4 25. R1d2 Bf3+
26. Kf1 Bxe4 27. Re2 f5 28. Re6+ Kf7 29. Rxe5 Kf6 30. Rc5 Rd8 31. Ke1 Bf3
32. Rd2 Re8+ 33. Kf1 Bg4 34. Rd6+ Kg7 35. f3 Bxf3 36. Rxf5 Be2+ 37. Kf2 g4
38. Rg5+ Kh8 39. Rd7 Bf3 40. Rgg7 Re2+ 41. Kf1 Rxh2 42. Rge7 Rh1+ 43. Kf2
Rh2+ 44. Ke3 Re2+ 45. Kf4 Rxe7 46. Rxe7 c5 47. Re5 b6 48. c4 a6 49. Re6 b5
50. cxb5 axb5 51. Rb6 Be2 52. Ke3 Bf1 53. Rc6 c4 54. bxc4 Bxc4 55. a3 Bf1
56. Kd4 Kg7 57. Rb6 h5 58. Re6 Bc4 59. Re5 Kg6 60. Ke4 Be2 61. Kf4 Bd3 62.
Re6+ Kg7 63. Kg5 Bc4 64. Rh6 Bf7 65. Rxh5 Bxh5 66. Kxh5 Kf6 67. Kxg4 Ke5 68.
Kh5 Kd4 69. g4 Kc3 70. g5 Kb3 71. g6 Kxa3 72. g7 b4 73. g8=Q b3 74. Qa8+ Kb4
75. Qb7+ Kc3 76. Qc6+ Kb2 77. Kg4 Ka1 78. Qc1+ Ka2 79. Kf3 b2 80. Qc2 Ka1
81. Qa4+ Kb1 82. Ke2 Kc1 83. Qc4+ Kb1 84. Kd2 Ka1 85. Qa4+ Kb1 86. Qb3 Ka1
87. Kc2 b1=Q+ 88. Qxb1# {Black checkmated} 1-0